 Dungeon Crawl Stone Soup version 0.31.0-9-g3a7656b989 (webtiles) character file.

Game seed: 7546337906888713003

639 Kass the Fighter (level 7, 0/132 HPs)
             Began as an Oni Berserker on Jan 30, 2024.
             Was a Priest of Trog.
             Splashed by a jelly's acid (5 damage)
             ... on level 4 of the Dungeon.
             The game lasted 00:07:51 (4537 turns).

Kass the Fighter (Oni Berserker)                    Turns: 4537, Time: 00:07:52

Health: 0/132      AC: -17   Str: 24    XL:     7   Next: 50%
Magic:  7/7        EV: 10    Int:  8    God:    Trog [***...]
Gold:   188        SH:  0    Dex:  8    Spells: 6/6 levels left

rFire   + . .        a - +0 spear
rCold   + . .        (no shield)
rNeg    + . .        q - +0 robe of Twilight {rF+ rC+ rN+}
rPois   .            (helmet restricted)
rElec   .            (no cloak)
rCorr   .            (gloves unavailable)
SInv    .            (boots unavailable)
Will    .....        (no amulet) Stlth
                     (no ring)
HPRegen 0.42/turn    (no ring)
MPRegen 0.10/turn

%: no passive effects
@: berserking, corroded, very quick
A: large, unfitting armour, horns 1, tough skin 1, double potion healing,
drunken brawling
a: Renounce Religion, Berserk, Trog's Hand


You were on level 4 of the Dungeon.
You worshipped Trog.
Trog was most pleased with you.
You visited 1 branch of the dungeon, and saw 5 of its levels.

You collected 227 gold pieces.
You spent 39 gold pieces at shops.

Inventory:

Hand Weapons
 a - a +0 spear (weapon)
Missiles
 d - 3 boomerangs (quivered)
 i - 3 silver javelins
 l - 8 poisoned darts
 o - 2 throwing nets
Armour
 b - a +0 animal skin
 q - the +0 robe of Twilight (worn) {rF+ rC+ rN+}
   (You found it on level 2 of the Dungeon)

   rF+:       It protects you from fire.
   rC+:       It protects you from cold.
   rN+:       It protects you from negative energy.
Scrolls
 c - 4 scrolls of amnesia {unknown}
 g - a scroll of enchant armour {unknown}
 j - a scroll of teleportation
 k - a scroll of revelation {unknown}
 m - a scroll of poison {unknown}
 n - a scroll of silence {unknown}
 r - 4 scrolls of identify {unknown}
 s - a scroll of vulnerability {unknown}
 v - a scroll of summoning {unknown}
 x - a scroll of noise {unknown}
Potions
 e - 5 potions of might {unknown}
 f - a potion of lignification {unknown}
 h - 2 potions of curing {unknown}
 p - a potion of mutation {unknown}
 t - a potion of heal wounds {unknown}
 u - 2 potions of cancellation {unknown}
 w - a potion of invisibility {unknown}


   Skills:
 + Level 11.1 Fighting
 - Level 3.0 Polearms
 - Level 2.6 Dodging


You had 6 spell levels left.
You didn't know any spells.
Your spell library was empty.

Dungeon Overview and Level Annotations

Branches:
Dungeon (5/15)
 Temple: D:4-7

Altars:
Uskayaw

Shops:
D:1 ?   D:5 =


Innate Abilities, Weirdness & Mutations

You are too large for most types of armour.
You have a pair of small horns on your head.
You have tough skin. (AC +1)
You gain doubled healing and magic from potions.
Whenever you drink a healing potion, you attack all around you.


Message History

You climb downwards.
The jelly hits you. The acid corrodes you!
You are splashed with acid!
The jelly barely misses you.
There is a stone staircase leading up here.
You hit the jelly but do no damage. The acid corrodes you!
Your hands burn!
You headbutt the jelly.
The jelly is moderately wounded.
The jelly barely misses you.
You hit the jelly but do no damage. The acid corrodes you!
Your hands burn!
The jelly is moderately wounded.
The gnoll hits you from afar with a +0 spear!
The jelly hits you.
You are splashed with acid!
You hit the jelly.
Your hands burn!
The jelly is moderately wounded.
You hit the jelly but do no damage. The acid corrodes you!
Your hands burn!
The jelly is moderately wounded.
The gnoll hits you from afar with a +0 spear.
The jelly closely misses you.
You hit the jelly but do no damage.
Your hands burn!
The jelly is moderately wounded.
The gnoll hits you from afar with a +0 spear.
The jelly hits you. The acid corrodes you!
You are splashed with acid.
You are too injured to fight recklessly!
The gnoll misses you. The jelly hits you.
You are splashed with acid!
* * * LOW HITPOINT WARNING * * *
You climb upwards.
There is a stone staircase leading down here.
You hit the jelly.
Your hands burn!
* * * LOW HITPOINT WARNING * * *
The jelly is heavily wounded.
The jelly hits you.
* * * LOW HITPOINT WARNING * * *
You are splashed with acid!
* * * LOW HITPOINT WARNING * * *
A red film seems to cover your vision as you go berserk!
You feel yourself moving faster!
You feel mighty! The jelly hits you.
* * * LOW HITPOINT WARNING * * *
The acid corrodes you!
You are splashed with acid!
* * * LOW HITPOINT WARNING * * *
You hit the jelly but do no damage.
Your hands burn!
You die...

###≈≈≈~.~.......#####.#
.##≈≈≈~~....#########.#
.###≈≈≈≈...##.......#.#
.# ###~≈.###.######.#.#
.#########............#
...........#.######.###
.####......#.# #.# .#
#.######.######.# ##
#..........J@)..#
#################


You could see a jelly.

Vanquished Creatures
  2 ogres
  A phantom (D:3)
  A scorpion (D:4)
  2 bombardier beetles (D:4)
  A jelly (D:4)
  An orc priest (D:4)
  An orc wizard (D:4)
  An iguana (D:4)
  2 adders
  6 gnolls
  A ribbon worm (D:2)
  5 orcs
  5 bats
  6 endoplasms
  4 giant cockroaches
  8 goblins
  5 hobgoblins
  8 jackals (D:4)
  3 quokkas
  5 ball pythons
  4 frilled lizards
  5 kobolds
  6 rats
83 creatures vanquished.

Notes
Turn   | Place    | Note
-------+----------+-------------------------------------------
     0 | D:1      | Kass the Oni Berserker began the quest for the Orb.
     0 | D:1      | Reached XP level 1. HP: 24/24 MP: 1/1
   166 | D:1      | Reached XP level 2. HP: 33/33 MP: 2/2
   336 | D:1      | Reached skill level 5 in Fighting
   499 | D:1      | Found Isaj's Magic Scroll Shop.
   513 | D:1      | Bought a scroll of teleportation for 39 gold pieces
   907 | D:2      | Reached XP level 3. HP: 29/42 MP: 3/3
   910 | D:2      | Reached ** piety under Trog
  1034 | D:2      | Noticed an ogre
  1046 | D:2      | Killed an ogre
  1047 | D:2      | Reached skill level 7 in Fighting
  1047 | D:2      | Reached XP level 4. HP: 18/55 MP: 4/4
  1210 | D:2      | Reached XP level 5. HP: 36/62 MP: 5/5
  1618 | D:2      | Found a hide-covered altar of Uskayaw.
  1753 | D:2      | Identified the +0 robe of Twilight {rF+ rC+ rN+}
  1976 | D:3      | Reached skill level 8 in Fighting
  2132 | D:3      | Noticed a phantom
  2146 | D:3      | Killed a phantom
  2147 | D:3      | Reached XP level 6. HP: 53/74 MP: 6/6
  2754 | D:4      | Reached skill level 9 in Fighting
  3391 | D:4      | Reached skill level 10 in Fighting
  3391 | D:4      | Reached XP level 7. HP: 69/85 MP: 7/7
  3469 | D:4      | Reached *** piety under Trog
  4148 | D:4      | Reached skill level 11 in Fighting
  4435 | D:5      | Entered Level 5 of the Dungeon
  4435 | D:5      | Found Loetuammeg's Jewellery Shop.
  4536 | D:4      | HP: 5/132 [acid (10)]
  4537 | D:4      | Splashed by a jelly's acid

Illustrated notes

Levels and vault maps discovered:
D:1:      scummos_arrival_star, layout_basic, serial_shops, shop
D:2:      layout_basic, basic_altar
D:3:      layout_basic, chequers_serial_rivers_micro_c
D:4:      layout_loops_corners, grunt_ministairs_14, minmay_misc_feat_pillars,
          nicolae_underground_beach
D:5:      layout_gridville, gammafunk_temple_overflow_forgotten, serial_shops,
          nicolae_stop_n_shop_1, roderic_serpentine_path

Skill      XL: |  1  2  3  4  5  6  7 |
---------------+----------------------+-----
Fighting       | 5 7 8 10 11 | 11.1
Polearms       | |  3.0
Dodging        | |  2.6

Action                     |  1- 3 |  4- 6 |  7- 9 || total
---------------------------+-------+-------+-------++-------
  Melee: Spear             |    89 |   169 |    94 ||   352
         Headbutt          |     9 |    27 |    21 ||    57
         Punch             |     1 |       |       ||     1
  Throw: Boomerang         |     2 |     1 |       ||     3
 Invoke: Berserk           |       |     1 |     1 ||     2
   Stab: Sleeping          |     1 |       |       ||     1
 Armour: Animal skin       |    43 |    18 |       ||    61
         Robe              |       |    58 |    39 ||    97
  Dodge: Dodged            |    37 |    83 |    26 ||   146
